 Dungeon Crawl Stone Soup version 0.30-a0-737-gf23d94013f (webtiles) character file.

Game seed: 2145760723255197791

991 Monkooky the Chiller (level 7, -15/49 HPs)
             Began as a Vampire Hunter on Feb 2, 2023.
             Was an Elder of Fedhas.
             Demolished by Duvessa
             ... wielding a +0 rapier
              (18 damage)
             ... on level 5 of the Dungeon.
             The game lasted 00:12:04 (4255 turns).

Monkooky the Chiller (Vampire Hunter)               Turns: 4255, Time: 00:12:05

Health: -15/49     AC:  9    Str: 10    XL:     7   Next: 98%
Magic:  4/11       EV: 13    Int: 12    God:    Fedhas [****..]
Gold:   279        SH:  0    Dex: 19    Spells: 5/11 levels left

rFire   . . .      SeeInvis +    a - +0 shortbow
rCold   + . .      Faith    .    (shield currently unavailable)
rNeg    . . .      Spirit   .    y - +0 robe
rPois   .          Reflect  .    o - +0 helmet
rElec   .          Harm     .    (no cloak)
rCorr   .          Rampage  .    (no gloves)
Will    .....                    (no boots)
Stlth   ++                       (no amulet)
HPRegen 0.48/turn                q - ring of ice
MPRegen 0.12/turn                B - ring of protection from fire

@: ice-armoured, freezing walls, healing quickly
A: alive, fangs 3, see invisible, vampiric 2
a: Exsanguinate, Renounce Religion, Wall of Briars, Grow Ballistomycete,
Overgrow


You were on level 5 of the Dungeon.
You worshipped Fedhas.
Fedhas was greatly pleased with you.
You visited 1 branch of the dungeon, and saw 5 of its levels.

You collected 279 gold pieces.

Inventory:

Hand Weapons
 a - a +0 shortbow (weapon)
 z - a +3 spear of venom
Missiles
 A - a throwing net
Armour
 c - a +0 leather armour
 g - a +0 ring mail
 o - a +0 helmet (worn)
 y - a +0 robe (worn)
Magical Staves
 m - a staff of conjuration
Jewellery
 q - a ring of ice (left hand)
 B - a ring of protection from fire (right hand)
Wands
 x - a wand of polymorph (6)
 C - a wand of paralysis (6)
Scrolls
 b - a scroll of immolation
 f - a scroll of fear {unknown}
 k - 4 scrolls of identify {unknown}
 l - a scroll of fog {unknown}
 n - 2 scrolls of teleportation {unknown}
 r - 4 scrolls of enchant armour {unknown}
 s - 4 scrolls of amnesia {unknown}
 v - a scroll of noise {unknown}
Potions
 d - 2 potions of might {unknown}
 e - a potion of lignification {unknown}
 h - 2 potions of berserk rage {unknown}
 i - 5 potions of curing {unknown}
 j - 3 potions of attraction {unknown}
 p - 2 potions of brilliance {unknown}
 t - a potion of ambrosia {unknown}
 u - a potion of cancellation {unknown}
 w - a potion of mutation {unknown}


   Skills:
 - Level 1.8 Fighting
 - Level 4.2 Ranged Weapons
 - Level 2.2 Dodging
 - Level 1.7 Stealth
 - Level 2.8 Spellcasting
 - Level 5.2 Ice Magic
 + Level 4.9 Invocations


You had 5 spell levels left.
You knew the following spells:

 Your Spells              Type           Power      Damage    Failure   Level
a - Ozocubu's Armour      Ice            21%        N/A       9%          3
b - Frozen Ramparts       Ice            42%        1d7       9%          3

Your spell library contained the following spells:

 Spells                   Type           Power      Damage    Failure   Level
 Freeze                   Ice            84%        1d9       3%          1
 Hailstorm                Conj/Ice       12%        3d5       26%         3
 Gell's Gravitas          Tloc           1%         N/A       58%         3
 Teleport Other           Tloc           1%         N/A       58%         3
 Dispersal                Tloc           0%         N/A       100%        6
 Ozocubu's Refrigeration  Ice            10%        4d9       100%        7


Dungeon Overview and Level Annotations

Branches:
Dungeon (5/15)             Temple (0/1) D:4

Altars:
Fedhas
Nemelex Xobeh

Shops:
D:5 (

Annotations:
D:3 exclusion: downstairs
D:5 Duvessa, Grinder


Innate Abilities, Weirdness & Mutations

Your natural rate of healing is accelerated.
You have razor-sharp teeth.
You have supernaturally acute eyesight. (SInv)
You are afflicted with vampirism and can become a bat while bloodless.


Message History

Duvessa goes berserk!
Grinder completely resists.
The wall freezes Grinder but does no damage.
Grinder says, "Are you a fish?"
The wall freezes Duvessa.
Duvessa hits you with a +0 rapier.
Grinder completely resists.
The wall freezes Grinder but does no damage.
The wall freezes Duvessa.
Duvessa hits you with a +0 rapier!
* * * LOW HITPOINT WARNING * * *
Okay, then.
Fire: a) +0 shortbow
Press: ? - help, Q - select action, (/) - cycle Shift-Dir - straight line, f/p - Duvessa
Aim: Duvessa, wielding a +0 rapier and wearing a +2 ring mail of fire resistance (almost dead, berserk, fast, 70% to hit)
You shoot an arrow. The arrow barely misses Duvessa.
The arrow hits Grinder!
Grinder is heavily wounded.
The wall freezes Duvessa.
Duvessa hits you with a +0 rapier.
* * * LOW HITPOINT WARNING * * *
Grinder completely resists.
The wall freezes Grinder but does no damage.
Grinder says, "FISH!"
Fire: a) +0 shortbow
Press: ? - help, Q - select action, (/) - cycle Shift-Dir - straight line, f/p - Duvessa
Aim: Duvessa, wielding a +0 rapier and wearing a +2 ring mail of fire resistance (almost dead, berserk, fast, 70% to hit)
You shoot an arrow. The arrow hits Duvessa.
Duvessa is almost dead.
The wall freezes Duvessa but does no damage.
Duvessa completely misses you.
The wall freezes Duvessa but does no damage.
Duvessa barely misses you.
Grinder completely resists.
The wall freezes Grinder but does no damage.
Fire: a) +0 shortbow
Press: ? - help, Q - select action, (/) - cycle Shift-Dir - straight line, f/p - Duvessa
Aim: Duvessa, wielding a +0 rapier and wearing a +2 ring mail of fire resistance (almost dead, berserk, fast, 70% to hit)
You shoot an arrow.
The arrow hits Duvessa but does no damage.
Duvessa is almost dead.
You hear a bark!
The wall freezes Duvessa but does no damage.
Duvessa hits you with a +0 rapier!!
You die...
Fedhas appreciates your contribution to the ecosystem.

#######.#....†...# #.
........#.##.#.### #.
.####.......#.#.#####.
......................
.####.##......#.......
####.##..########....
#....................
#.###.##########.....
#.5e@)......#.##...†.
#..########.#......##
## #.#....# #.#.)..#
#......# ##.....#
#....).# ##....##
#'....#


You could see Grinder and Duvessa (berserk, fast).

Vanquished Creatures
  An ogre (D:5)
  A kobold brigand (D:4)
  Dowan (D:5)
  2 howler monkeys (D:4)
  4 hounds
  2 gnoll boudas
  An orc priest (D:4)
  An iguana (D:5)
  Ijyb (D:5)
  24 gnolls
  8 adders
  A worm (D:4)
  4 dart slugs
  19 orcs
  9 ball pythons
  6 bats
  9 endoplasms
  A giant cockroach (D:3)
  2 goblins
  6 hobgoblins
  12 jackals
  12 kobolds
  7 quokkas
  4 frilled lizards
  6 rats
144 creatures vanquished.

Vanquished Creatures (others)
  2 fungi (D:4)
  A plant (D:4)
3 creatures vanquished.

Grand Total: 147 creatures vanquished

Notes
Turn   | Place    | Note
-------+----------+-------------------------------------------
     0 | D:1      | Monkooky the Vampire Hunter began the quest for the Orb.
     0 | D:1      | Reached XP level 1. HP: 16/16 MP: 1/1
   138 | D:1      | Reached XP level 2. HP: 22/22 MP: 2/2
   572 | D:1      | Gained mutation: You are afflicted with vampirism and can
                  | become a bat while bloodless. [Vampire growth]
   572 | D:1      | Reached XP level 3. HP: 27/27 MP: 3/3
   996 | D:2      | Reached skill level 1 in Spellcasting
  1074 | D:2      | Learned a level 3 spell: Ozocubu's Armour
  1128 | D:2      | Found a faded altar of an unknown god.
  1146 | D:2      | Prayed at the altar of an unknown god.
  1146 | D:2      | Became a worshipper of Fedhas Madash
  1146 | D:2      | Reached * piety under Fedhas
  1368 | D:3      | Found a sparkling altar of Nemelex Xobeh.
  1510 | D:3      | Reached XP level 4. HP: 33/33 MP: 5/5
  1515 | D:3      | Reached skill level 1 in Ice Magic
  1791 | D:4      | Reached skill level 2 in Ice Magic
  1978 | D:4      | Reached skill level 3 in Ice Magic
  1978 | D:4      | Reached XP level 5. HP: 38/38 MP: 6/6
  2001 | D:3      | Reached ** piety under Fedhas
  2249 | D:3      | Reached skill level 1 in Invocations
  2265 | D:3      | Learned a level 3 spell: Frozen Ramparts
  2512 | D:4      | Reached XP level 6. HP: 42/44 MP: 4/8
  2663 | D:4      | Reached skill level 4 in Ice Magic
  2846 | D:4      | Reached *** piety under Fedhas
  2913 | D:4      | Reached skill level 5 in Ice Magic
  3097 | D:4      | Reached XP level 7. HP: 49/49 MP: 7/11
  3212 | D:4      | Found a staircase to the Ecumenical Temple.
  3897 | D:5      | Entered Level 5 of the Dungeon
  3907 | D:5      | Noticed Ijyb
  3974 | D:5      | Killed Ijyb
  4019 | D:5      | Found Uney's Weapon Shop.
  4043 | D:5      | Reached **** piety under Fedhas
  4240 | D:5      | Noticed Duvessa
  4240 | D:5      | Noticed Dowan
  4249 | D:5      | Noticed Grinder
  4252 | D:5      | Killed Dowan
  4253 | D:5      | HP: 2/49 [Duvessa/+0 rapier (5)]
  4255 | D:5      | Demolished by Duvessa

Illustrated notes

Levels and vault maps discovered:
D:1:      ebering_hopf_link, layout_loops_ring
D:2:      layout_rooms, ebering_ecumenical_altar_box
D:3:      layout_rooms, mainiacjoe_overflow_alcove_2
D:4:      lemuel_castle_with_subvaults [lemuel_castle_interior_original],
          layout_basic, minmay_temple_entry_junction
D:5:      layout_basic, nicolae_ru_path_of_blood, serial_shops,
          nicolae_shop_waterfront, fountainhead, minmay_strange_pillars,
          nicolae_elevator_lobby_plus, uniq_duvessa, uniq_ijyb, uniq_grinder

Skill      XL: |  1  2  3  4  5  6  7 |
---------------+----------------------+-----
Ranged Weapons | 4 |  4.2
Spellcasting   | 1 2 |  2.8
Ice Magic      | 3 5 |  5.2
Invocations    | 1 4 |  4.9
Fighting       | |  1.8
Dodging        | |  2.2
Stealth        | |  1.7

Action                     |  1- 3 |  4- 6 |  7- 9 || total
---------------------------+-------+-------+-------++-------
   Fire: Shortbow          |   121 |   185 |    94 ||   400
   Cast: Ozocubu's Armour  |       |     8 |     6 ||    14
         Frozen Ramparts   |       |    14 |    11 ||    25
  Evoke: Wand              |       |     3 |       ||     3
 Armour: Leather armour    |     9 |    14 |       ||    23
         Robe              |       |    11 |    12 ||    23
  Dodge: Dodged            |    33 |    91 |    47 ||   171

Table legend: (Time is in decaauts)
 A = Elapsed time spent in this place.
 B = Non-inter-level travel time spent in this place.
 C = Inter-level travel time spent in this place.
 D = Time resting spent in this place.
 E = Time spent auto-exploring this place.
 F = Levels seen in this place.
 G = Mean time per level.
                   A        B        C        D        E       F      G
               +--------+--------+--------+--------+--------+-----+--------+
         Total |   4387 |   4096 |    291 |    572 |   2633 |   5 |  877.4 |
       Dungeon |   4387 |   4096 |    291 |    572 |   2633 |   5 |  877.4 |
               +--------+--------+--------+--------+--------+-----+--------+

Top non-repeatable levels by time:
     D:4: 1849 daAuts
     D:1: 809 daAuts
     D:3: 730 daAuts
     D:2: 633 daAuts
     D:5: 365 daAuts
